 Dungeon Crawl Stone Soup version 0.28-a0-664-gc179e30c89 (webtiles) character file.

Game seed: 7036393017107783065

560 Drevant2 the Chopper (level 7, -12/45 HPs)
             Began as a Pale Draconian Abyssal Knight on Oct 15, 2021.
             Was a Priest of Lugonu.
             Mangled by Menkaure (19 damage)
             ... on level 4 of the Dungeon.
             The game lasted 00:15:09 (6781 turns).

Drevant2 the Chopper (DrAK)                         Turns: 6781, Time: 00:15:09

Health: -12/45     AC:  6    Str: 16    XL:     7   Next: 9%
Magic:  8/8        EV: 12    Int: 10    God:    Lugonu [***...]
Gold:   258        SH:  0    Dex: 13    Spells: 6/6 levels left

rFire   . . .      SeeInvis .   g - +1 war axe
rCold   . . .      Faith    .   (no shield)
rNeg    . . .      Spirit   .   (armour unavailable)
rPois   .          Reflect  .   (helmet restricted)
rElec   .          Harm     .   (no cloak)
rCorr   .          Rampage  .   (no gloves)
Will    .....                   (no boots)
Stlth   +.........              (no amulet)
HPRegen 0.15/turn               (no ring)
MPRegen 0.11/turn               (no ring)

@: confused
A: breathe steam, AC +6, unfitting armour, cold-blooded, steam resistance, frail
2
a: Breathe Steam, Renounce Religion, Depart the Abyss, Bend Space, Banish


You were on level 4 of the Dungeon.
You worshipped Lugonu.
Lugonu was most pleased with you.
You visited 1 branch of the dungeon, and saw 5 of its levels.
You visited the Abyss 1 time.
You also visited: Ossuary.

You collected 258 gold pieces.

Inventory:

Hand Weapons
 a - a +1 hand axe
 g - a +1 war axe (weapon)
Armour
 k - a +1 helmet
Wands
 p - a wand of polymorph (3)
Scrolls
 b - a scroll of immolation {unknown}
 c - 4 scrolls of identify {unknown}
Potions
 n - a potion of brilliance


   Skills:
 - Level 3.2 Fighting
 + Level 7.8 Axes
 - Level 2.1 Dodging
 - Level 2.0 Invocations


You had 6 spell levels left.
You didn't know any spells.
Your spell library contained the following spells:

 Spells                   Type           Power      Damage    Failure   Level
 Magic Dart               Conj           0%         1d3       36%         1
 Call Imp                 Summ           0%         N/A       50%         2
 Mephitic Cloud           Conj/Pois/Air  0%         N/A       75%         3


Dungeon Overview and Level Annotations

Branches:
Dungeon (5/15)            Ossuary (visited)
 Temple: D:4-7

Altars:
Cheibriados
Gozag
Nemelex Xobeh
Ru
Xom

Shops:
D:4 (   D:5 *

Annotations:
D:4 Blork the orc, Menkaure


Innate Abilities, Weirdness & Mutations

You can breathe blasts of scalding, opaque steam.
Your pale cyan-grey scales are hard. (AC +6)
You cannot fit into any form of body armour.
You are cold-blooded and may be slowed by cold attacks.
You are immune to the effects of steam.
You are very frail. (-20% HP)


Message History

The black bear evaporates and reforms as a tengu!
The tengu hits you!
* * * LOW HITPOINT WARNING * * *
The tengu pecks you.
* * * LOW HITPOINT WARNING * * *
The tengu closely misses you.
Unknown command.
Aiming: Polymorph
Press: ? - help, Shift-Dir - straight line, f/p - tengu
Aim: a tengu (will become an acid dragon, a killer bee, or a golden eye, chance to affect: 46%)
The tengu resists with some effort.
The tengu hits you.
* * * LOW HITPOINT WARNING * * *
The tengu pecks you but does no damage. The tengu closely misses you.
Aiming: Polymorph
Press: ? - help, Shift-Dir - straight line, f/p - tengu
Aim: a tengu (will become an acid dragon, a killer bee, or a golden eye, chance to affect: 46%)
The tengu evaporates and reforms as a golden eye!
Aiming: Polymorph
Press: ? - help, Shift-Dir - straight line, f/p - golden eye
Aim: a golden eye (will become a rime drake, a tengu, or a hornet, chance to affect: 15%)
The golden eye resists with almost no effort.
The golden eye blinks at you.
You are confused.
You are too confused!
Unknown command.
Unknown command.
You are too injured to fight recklessly!
You are too injured to fight recklessly!
You are too injured to fight recklessly!
You are too injured to fight recklessly!
The golden eye blinks at you.
You are more confused.
The golden eye blinks!
There is an open gate here.
The golden eye blinks at you.
You are more confused.
There is an open gate here.
The golden eye blinks at you. You resist with almost no effort.
Menkaure hits you!!
You die...

...............#.._..###....#..#,
...........h...#.....# #....#..#,
......#......#.#.....####......#.
...........<##.#.....##..........
............#..#.....#...........
#...........##.##'''##..##..#....
......#..[####h#.....#.#....##...
#.....##.## #.#G....#.##...#*#.#
###....### #.#@.8..#**##### *##
#....# #.M.....# ##...# #########
#####


You could see Menkaure and a golden eye.

Vanquished Creatures
  3 scorpions
  A hound (D:5)
  An iguana (D:5)
  Ijyb (D:3)
  An orc wizard (D:3)
  Natasha (thrice) (D:3)
  2 mummies
  Robin (D:3)
  A gnoll (D:2)
  6 adders
  2 worms (D:2)
  A dart slug (D:3)
  6 orcs
  9 endoplasms
  4 giant cockroaches
  19 goblins
  8 hobgoblins
  3 jackals (D:3)
  3 quokkas
  7 ball pythons
  5 bats (D:2)
  4 frilled lizards
  A hobgoblin zombie (Ossuary)
  7 kobolds
  An orc zombie (Ossuary)
  5 rats
105 creatures vanquished.

Notes
Turn   | Place    | Note
-------+----------+-------------------------------------------
     0 | Abyss:1  | Drevant2 the Draconian Abyssal Knight began the quest for
                  | the Orb.
     0 | Abyss:1  | Reached XP level 1. HP: 19/19 MP: 2/2
     8 | D:1      | Escaped the Abyss
   288 | D:1      | Reached XP level 2. HP: 26/26 MP: 3/3
   507 | D:1      | Reached skill level 3 in Axes
  1306 | D:2      | Reached ** piety under Lugonu
  1316 | D:2      | Reached XP level 3. HP: 28/31 MP: 4/4
  1546 | D:2      | Found a faded altar of an unknown god.
  1590 | D:2      | Reached skill level 4 in Axes
  2217 | D:2      | Reached XP level 4. HP: 29/38 MP: 5/5
  2666 | D:3      | Noticed Natasha
  2680 | D:3      | Killed Natasha
  2681 | D:3      | Reached skill level 5 in Axes
  2984 | D:3      | Found a shimmering altar of Xom.
  2998 | D:3      | Noticed Natasha
  3015 | D:3      | Killed Natasha
  3016 | D:3      | Reached XP level 5. HP: 34/45 MP: 6/6
  3033 | D:3      | Noticed Natasha
  3050 | D:3      | Killed Natasha
  3490 | D:3      | Found a sacrificial altar of Ru.
  3692 | D:3      | Reached skill level 6 in Axes
  3868 | D:3      | Noticed Robin
  3879 | D:3      | Killed Robin
  4191 | D:3      | Reached *** piety under Lugonu
  4212 | D:3      | Noticed Ijyb
  4251 | D:3      | Paralysed by Ijyb for 6 turns
  4258 | D:3      | Paralysed by Ijyb for 5 turns
  4264 | D:3      | Killed Ijyb
  4265 | D:3      | Reached XP level 6. HP: 37/51 MP: 7/7
  4493 | D:4      | Noticed Menkaure
  4596 | D:4      | Found a sand-covered staircase.
  4612 | Ossuary  | Entered an ossuary
  4621 | Ossuary  | Gained mutation: You are frail. (-10% HP) [potion of
                  | mutation]
  4621 | Ossuary  | Gained mutation: You are very frail. (-20% HP) [potion of
                  | mutation]
  4668 | D:4      | Noticed Blork the orc
  5553 | D:4      | Reached skill level 7 in Axes
  5564 | D:4      | Found a snail-covered altar of Cheibriados.
  5890 | D:4      | Found Yrerokly's Antique Weapon Shop.
  6183 | D:4      | Noticed a sky beast
  6387 | D:5      | Entered Level 5 of the Dungeon
  6509 | D:5      | Found a sparkling altar of Nemelex Xobeh.
  6513 | D:5      | Found an opulent altar of Gozag.
  6515 | D:5      | Found Gozag's Platinum Reserve.
  6580 | D:5      | Your scales start taking on a pale cyan-grey colour.
  6580 | D:5      | Reached XP level 7. HP: 45/45 MP: 8/8
  6580 | D:5      | Gained mutation: You are immune to the effects of steam.
                  | [Pale Draconian growth]
  6773 | D:4      | Noticed a golden eye
  6773 | D:4      | a tengu changed into a golden eye
  6781 | D:4      | Mangled by Menkaure

Illustrated notes

Levels and vault maps discovered:
D:1:      dpeg_arrival_solitude, layout_basic
D:2:      layout_basic, shapermc_ecumenical_altar_venn, dk_vineyard_1,
          minmay_mini_jars
D:3:      kennysheep_goblin_castle, layout_loops_ring,
          nicolae_ru_great_annihilating_truth, xom_teletrap_fun, uniq_natasha,
          uniq_robin
D:4:      layout_cave_pools, slow_altar_2, serial_shops,
          nicolae_shop_window_shopping, nicolae_ossuary_entry_monument,
          uniq_menkaure, uniq_blork_the_orc
D:5:      layout_loops_ring, mainiacjoe_overflow_chevrons, fedhas_altar_1,
          nicolae_gozag_zags_fifth_avenue, kennysheep_mini_moat,
          chequers_arboretum, serial_bayou_pond_e

Skill      XL: |  1  2  3  4  5  6 |
---------------+-------------------+-----
Axes           | 3 4 5 6 7 |  7.8
Fighting       | |  3.2
Dodging        | |  2.1
Invocations    | |  2.0

Action                   |  1- 3 |  4- 6 |  7- 9 || total
-------------------------+-------+-------+-------++-------
Melee: Hand axe          |   104 |    94 |       ||   198
       Tailslap          |     5 |    32 |       ||    37
       War axe           |       |   158 |    10 ||   168
Evoke: Wand              |       |       |     5 ||     5
  Use: Potion            |       |     7 |       ||     7
       Scroll            |       |     2 |     5 ||     7
 Stab: Sleeping          |     3 |     2 |       ||     5
       Paralysed         |       |     1 |       ||     1
Armor: Skin              |    32 |   104 |     8 ||   144
Dodge: Dodged            |    58 |   184 |    12 ||   254

Table legend: (Time is in decaauts)
 A = Elapsed time spent in this place.
 B = Non-inter-level travel time spent in this place.
 C = Inter-level travel time spent in this place.
 D = Time resting spent in this place.
 E = Time spent auto-exploring this place.
 F = Levels seen in this place.
 G = Mean time per level.
                   A        B        C        D        E       F      G
               +--------+--------+--------+--------+--------+-----+--------+
         Total |   6853 |   5902 |    951 |   2345 |   2308 |   7 |  979.0 |
       Dungeon |   6798 |   5847 |    951 |   2345 |   2308 |   5 | 1359.6 |
         Abyss |      8 |      8 |      0 |      0 |      0 |   1 |    8.0 |
       Ossuary |     47 |     47 |      0 |      0 |      0 |   1 |   47.0 |
               +--------+--------+--------+--------+--------+-----+--------+

Top non-repeatable levels by time:
     D:3: 3309 daAuts
     D:1: 1291 daAuts
     D:2: 1214 daAuts
     D:4: 648 daAuts
     D:5: 334 daAuts
 Ossuary: 47 daAuts
 Abyss:1: 8 daAuts
